 Dungeon Crawl Stone Soup version 0.18-a0-1323-g706dcef (webtiles) character file.

807 M4edhros the Covert (level 7, -2/43 HPs)
             Began as an Octopode Artificer on Feb 15, 2016.
             Was an Initiate of Gozag.
             Slain by Prince Ribbit (15 damage)
             ... on level 6 of the Dungeon.
             The game lasted 00:06:35 (4151 turns).

M4edhros the Covert (Octopode Artificer)            Turns: 4151, Time: 00:06:35

Health: -2/43      AC: -1    Str: 11    XL:     7   Next: 92%
Magic:  9/9        EV: 12    Int: 16    God:    Gozag
Gold:   772        SH:  0    Dex: 12    Spells: 0 memorised, 6 levels left

rFire  . . .     SeeInvis .     h - +2 short sword (speed)
rCold  . . .     Gourm    .     (no shield)
rNeg   . . .     Faith    .     (helmet restricted)
rPois  .         Spirit   .     (no amulet)
rElec  .         Dismiss  .     n - -2 ring of protection (curse)
rCorr  .         Reflect  .     g - ring of stealth
SustAt .         Harm     .     (no ring)
MR     .....                    (no ring)
Stlth  +++++++...               (no ring)
                                (no ring)
                                (no ring)
                                (no ring)

@: gold aura, not resistant to hostile enchantments, extremely stealthy
A: almost no armour, amphibious, 8 rings, constrict 8, camouflage 1, gelatinous
body 1
a: Potion Petition, Call Merchant, Bribe Branch, Renounce Religion


You were on level 6 of the Dungeon.
You worshipped Gozag.
Gozag was noncommittal.
You were not hungry.

You visited 1 branch of the dungeon, and saw 6 of its levels.
You also visited: Sewer.

You collected 802 gold pieces.
You paid 30 gold pieces to Gozag.

Inventory:

Hand Weapons
 h - a +2 short sword of speed (weapon)
 r - a +0 hunting sling
 A - a cursed -2 blowgun
Missiles
 e - 235 stones (quivered)
 o - 7 poisoned javelins
 y - 6 poisoned needles
Jewellery
 g - a ring of stealth (right tentacle)
 n - a cursed -2 ring of protection (left tentacle)
Wands
 b - a wand of flame (12/48)
 c - a wand of enslavement (14/24)
 d - a wand of random effects (12/48)
 l - a wand of acid (4/15)
 D - a wand of paralysis (14/24)
Scrolls
 a - a scroll of magic mapping
 i - a scroll of immolation
 k - a scroll of teleportation
 m - 2 scrolls of enchant armour
 u - 2 scrolls of random uselessness {unknown}
 w - a scroll of fog {unknown}
 x - a scroll of fear {unknown}
Potions
 j - a potion of cure mutation
 q - a potion of ambrosia {unknown}
 s - 4 potions of lignification
 t - 5 potions of berserk rage
 v - 5 potions of heal wounds {unknown}
 z - a potion of magic {unknown}
 B - 2 potions of flight {unknown}
 C - a potion of agility {unknown}
Comestibles
 f - 2 bread rations
 p - 5 fruits


   Skills:
 - Level 1.0 Fighting
 + Level 2.6 Short Blades
 + Level 4.7 Slings
 - Level 2.0 Dodging
 + Level 9.2 Stealth
 - Level 3.2 Evocations


You had 6 spell levels left.
You didn't know any spells.

Dungeon Overview and Level Annotations

Branches:
Dungeon (6/15)
 Temple: D:4-7

Altars:
Elyvilon
Gozag
Okawaru
Zin

Shops:
D:5 *

Annotations:
D:4 Purgy
D:6 Prince Ribbit


Innate Abilities, Weirdness & Mutations

You cannot wear most types of armour.
You are amphibious.
You can wear up to eight rings at the same time.
You can use your tentacles to constrict eight enemies at once.
Your skin changes colour to match your surroundings (Stealth).
Your rubbery body absorbs attacks (AC +1).


Message History

You barely miss Prince Ribbit.
Prince Ribbit is lightly wounded.
You constrict Prince Ribbit.
Prince Ribbit struggles to blink free from constriction.
You hit Prince Ribbit. You squeeze Prince Ribbit.
Prince Ribbit is moderately wounded.
You constrict Prince Ribbit. Prince Ribbit hits you!
You hit Prince Ribbit.
Prince Ribbit is heavily wounded.
You constrict Prince Ribbit. Prince Ribbit hits you!
Evoke which item? (* to show all) (? for menu, Esc to quit)
Zapping:
b - a wand of flame (13/48)
Press: ? - help, Shift-Dir - straight line, f - Prince Ribbit
Aim: Prince Ribbit (severely wounded, constricted by you)
The puff of flame hits Prince Ribbit.
Prince Ribbit is severely wounded.
This wand has 12 charges left.
You constrict Prince Ribbit. Prince Ribbit hits you!
You die...
Your body crumbles into a pile of gold.

## .# #####.# #
h#####<....#.##.
........$........
#########@F.[....
#......##
#......# #......#
#......# #......#
#......# .......#


You could see Prince Ribbit.

Vanquished Creatures
  A phantom (D:4)
  A big kobold (Sewer)
  Blork the orc (D:4)
  2 scorpions (D:4)
  A jelly (D:5)
  A giant frog skeleton (D:6)
  An iguana (D:4)
  3 orc wizards (D:5)
  4 worker ants
  4 gnolls (D:5)
  4 adders
  A river rat (D:5)
  2 shadow imps (D:5)
  An ooze (D:1)
  An adder skeleton (D:4)
  3 worms
  A giant gecko (D:4)
  13 orcs
  6 bats
  7 giant cockroaches
  7 goblins
  10 hobgoblins
  5 jackals
  4 quokkas
  A ball python (D:2)
  4 giant newts
  A jackal zombie (D:5)
  11 kobolds
  10 rats
111 creatures vanquished.

Notes
Turn   | Place    | Note
--------------------------------------------------------------
     0 | D:1      | M4edhros the Octopode Artificer began the quest for the Orb.
     0 | D:1      | Reached XP level 1. HP: 13/13 MP: 3/3
   201 | D:1      | Reached XP level 2. HP: 18/18 MP: 4/4
   220 | D:2      | Found a white marble altar of Elyvilon.
   220 | D:2      | Found an iron altar of Okawaru.
   224 | D:2      | Found an opulent altar of Gozag.
   472 | D:2      | Became a worshipper of Gozag Ym Sagoz the Greedy
   616 | D:1      | Reached skill level 4 in Stealth
   666 | D:1      | Reached XP level 3. HP: 23/23 MP: 5/5
  1324 | D:2      | Reached skill level 5 in Stealth
  1331 | D:2      | Reached XP level 4. HP: 23/28 MP: 6/6
  1800 | D:3      | Reached skill level 6 in Stealth
  2115 | D:3      | Reached skill level 1 in Slings
  2363 | D:4      | Reached XP level 5. HP: 28/33 MP: 7/7
  2408 | D:4      | Reached skill level 7 in Stealth
  2450 | D:4      | Noticed Blork the orc
  2455 | D:4      | Killed Blork the orc
  2455 | D:4      | Reached XP level 6. HP: 31/38 MP: 8/8
  2529 | D:4      | Noticed Purgy
  2543 | D:4      | Noticed a phantom
  2559 | D:4      | Killed a phantom
  2559 | D:4      | Reached skill level 8 in Stealth
  2868 | D:4      | Reached XP level 7. HP: 43/43 MP: 9/9
  2949 | D:4      | Found a glowing silver altar of Zin.
  3082 | D:5      | Entered Level 5 of the Dungeon
  3403 | D:5      | Found a glowing drain.
  3407 | Sewer    | Entered a sewer
  3502 | Sewer    | Reached skill level 9 in Stealth
  3551 | Sewer    | Found a white marble altar of Elyvilon.
  3777 | D:5      | Found Zohook's General Store.
  4140 | D:6      | Noticed Prince Ribbit
  4151 | D:6      | Slain by Prince Ribbit

Vault maps used:
D:1:      dpeg_arrival_rhombi
D:2:      grunt_temple_overflow_open, grunt_ministairs_10
D:4:      lemuel_doored_altar, first_bread, uniq_purgy, uniq_blork_the_orc
D:5:      gup_sewer_entry_bowl, serial_shops, kennysheep_mini
D:6:      minmay_door_square, uniq_prince_ribbit1
Sewer:    sewer_kobolds

Action                   |  1- 3 |  4- 6 |  7- 9 || total
-------------------------+-------+-------+-------++-------
Melee: Short sword       |    62 |    82 |    78 ||   222
Evoke: Wand              |       |     6 |     1 ||     7
  Use: Scroll            |     4 |     3 |     1 ||     8
       Potion            |       |     1 |       ||     1
 Stab: Sleeping          |    14 |    19 |    13 ||    46
       Distracted        |       |     1 |       ||     1
  Eat: Pizza             |       |     2 |       ||     2
       Bread ration      |       |     1 |     1 ||     2
